 Dungeon Crawl Stone Soup version 0.28-a0-194-g42b4daccc1 (webtiles) character file.

Game seed: 4762459433507147461

28 Ezendos the Skirmisher (level 3, 0/40 HPs)
             Began as an Ogre Brigand on Aug 18, 2021.
             Killed from afar by Natasha (9 damage)
             ... with a magic dart
             ... on level 2 of the Dungeon.
             The game lasted 00:01:53 (1074 turns).

Ezendos the Skirmisher (Ogre Brigand)               Turns: 1074, Time: 00:01:54

Health: 0/40       AC:  4    Str: 15    XL:     3   Next: 12%
Magic:  3/3        EV:  9    Int: 13    God:
Gold:   63         SH:  0    Dex: 10    Spells: 2/2 levels left

rFire   . . .      SeeInvis .   a - +2 dagger
rCold   . . .      Faith    .   (no shield)
rNeg    . . .      Spirit   .   b - +0 robe
rPois   .          Reflect  .   (helmet restricted)
rElec   .          Harm     .   c - +0 cloak
rCorr   .          Rampage  .   (gloves unavailable)
Will    .....                   (boots unavailable)
Stlth   ++........              (no amulet)
HPRegen 0.13/turn               (no ring)
MPRegen 0.08/turn               (no ring)

@: slowed, very slow
A: large, unfitting armour, tough skin 1
a: no special abilities


You were on level 2 of the Dungeon.
You visited 1 branch of the dungeon, and saw 2 of its levels.

You collected 91 gold pieces.
You spent 28 gold pieces at shops.

Inventory:

Hand Weapons
 a - a +2 dagger (weapon)
Missiles
 d - 8 poisoned darts (quivered)
 e - 2 curare-tipped darts
Armour
 b - a +0 robe (worn)
 c - a +0 cloak (worn)
Scrolls
 f - a scroll of enchant weapon {unknown}
 k - a scroll of teleportation {unknown}
 l - a scroll of magic mapping {unknown}
Potions
 g - a potion of mutation {unknown}
 h - a potion of haste
 i - a potion of berserk rage {unknown}
 j - a potion of heal wounds {unknown}


   Skills:
 + Level 4.7 Fighting
 - Level 1.7 Short Blades
 - Level 2.0 Throwing
 - Level 0.8 Dodging
 - Level 3.0 Stealth


You had 2 spell levels left.
You didn't know any spells.
Your spell library contained the following spells:

 Spells                   Type           Power      Damage    Failure   Level
 Apportation              Tloc           0%         N/A       30%         1
 Freeze                   Ice            0%         1d3       30%         1
 Poisonous Vapours        Pois/Air       0%         N/A       43%         2
 Call Canine Familiar     Summ           0%         N/A       67%         3
 Frozen Ramparts          Ice            0%         1d2       67%         3
 Spider Form              Tmut/Pois      0%         N/A       67%         3
 Hailstorm                Conj/Ice       0%         3d3       97%         4
 Alistair's Intoxication  Tmut/Pois      0%         N/A       100%        5
 Invisibility             Hex            0%         N/A       100%        6


Dungeon Overview and Level Annotations

Branches:
Dungeon (2/15)

Altars:

Shops:
D:1 *(

Annotations:
D:2 Natasha


Innate Abilities, Weirdness & Mutations

You are too large for most types of armour.
You have tough skin. (AC +1)


Message History

You hit Natasha.
Natasha is moderately wounded.
The crimson imp hits you.
Natasha mumbles some strange words.
You feel disoriented. Natasha barely misses you.
You hit Natasha.
Natasha is heavily wounded.
The crimson imp hits you. Natasha claws you!
The crimson imp closely misses you.
You hit Natasha.
Natasha is severely wounded.
Natasha zaps a wand.
The puff of flame misses you.
The puff of flame misses the crimson imp.
The crimson imp closely misses you. Natasha casts a spell at you.
You resist with some effort.
You are too injured to fight recklessly!
You hit Natasha but do no damage.
Natasha is severely wounded.
The crimson imp hits you but does no damage.
Natasha misses you.
You hit Natasha.
Natasha is almost dead.
The crimson imp hits you. Natasha barely misses you.
The crimson imp barely misses you.
You are too injured to fight recklessly!
You barely miss Natasha.
Natasha is almost dead.
Natasha zaps a wand.
The puff of flame hits you!
* * * LOW HITPOINT WARNING * * *
The crimson imp barely misses you.
Natasha zaps a wand.
The puff of flame misses you.
The puff of flame hits the crimson imp.
The crimson imp completely resists.
You closely miss Natasha.
Natasha is almost dead.
The crimson imp hits you but does no damage.
Natasha casts a spell at you. The magic dart hits you!
You die...

.<. ..#
#.# #.#
#.# # #.#
.# #h##.#
#@#.#
#5.# ##
#.## ..
##.## .#
#####.#.#
#......#
#.######
#.# #.#


You could see Natasha and a crimson imp (summoned).

Vanquished Creatures
  A dart slug (D:1)
  5 ball pythons (D:1)
  3 endoplasms
  2 giant cockroaches (D:1)
  2 goblins (D:1)
  2 hobgoblins (D:1)
  2 quokkas (D:1)
  2 bats
  2 frilled lizards (D:1)
  2 rats (D:1)
23 creatures vanquished.

Notes
Turn   | Place    | Note
-------+----------+-------------------------------------------
     0 | D:1      | Ezendos the Ogre Brigand began the quest for the Orb.
     0 | D:1      | Reached XP level 1. HP: 22/22 MP: 1/1
    43 | D:1      | Got Xoevin's Handbook of Toxins and Calling
    63 | D:1      | Reached skill level 3 in Fighting
   232 | D:1      | Reached XP level 2. HP: 31/31 MP: 2/2
   237 | D:1      | Found Joqioxith's General Store.
   325 | D:1      | Bought a scroll of identify for 28 gold pieces
   350 | D:1      | Reached skill level 4 in Fighting
   668 | D:1      | Found Kyeh's Antique Weapon Emporium.
   850 | D:1      | Found a faded altar of an unknown god.
   854 | D:1      | Reached XP level 3. HP: 40/40 MP: 3/3
  1061 | D:2      | Noticed Natasha
  1074 | D:2      | Killed from afar by Natasha

Illustrated notes

Levels and vault maps discovered:
D:1:      mainiacjoe_arrival_reflecting_pool, layout_loops_ring, serial_shops,
          shop, nicolae_shop_overgrown_old_shop,
          ebering_ecumenical_altar_sacrificial
D:2:      kennysheep_six_static_rooms, layout_loops_ring, uniq_natasha

Skill      XL: |  1  2 |
---------------+-------+-----
Stealth        | 3 |  3.0
Fighting       | 3 4 |  4.7
Short Blades   | |  1.7
Throwing       | |  2.0
Dodging        | |  0.8

Action                   || total
-------------------------++-------
Melee: Dagger            ||    79
  Use: Scroll            ||     1
 Stab: Sleeping          ||     5
Armor: Robe              ||    32
Dodge: Dodged            ||    36

Table legend: (Time is in decaauts)
 A = Elapsed time spent in this place.
 B = Non-inter-level travel time spent in this place.
 C = Inter-level travel time spent in this place.
 D = Time resting spent in this place.
 E = Time spent auto-exploring this place.
 F = Levels seen in this place.
 G = Mean time per level.
                   A        B        C        D        E       F      G
               +--------+--------+--------+--------+--------+-----+--------+
         Total |   1070 |   1041 |     29 |      0 |    809 |   2 |  535.0 |
       Dungeon |   1070 |   1041 |     29 |      0 |    809 |   2 |  535.0 |
               +--------+--------+--------+--------+--------+-----+--------+

Top non-repeatable levels by time:
     D:1: 938 daAuts
     D:2: 132 daAuts
